 Dungeon Crawl Stone Soup version 0.19-a0-1654-g9d3f708 (webtiles) character file.

54 Alarkh the Grave Robber (level 3, -8/24 HPs)
             Began as a Mummy Necromancer on Sept 20, 2016.
             Mangled by Sigmund
             ... wielding a +0 scythe
              (9 damage)
             ... on level 2 of the Dungeon.
             The game lasted 00:02:36 (1704 turns).

Alarkh the Grave Robber (Mummy Necromancer)         Turns: 1704, Time: 00:02:36

Health: -8/24      AC:  5    Str: 11    XL:     3   Next: 66%
Magic:  0/7        EV: 10    Int: 15    God:
Gold:   91         SH:  0    Dex: 12    Spells: 2 memorised, 4 levels left

rFire  x . .     SeeInvis .     i - +0 mace
rCold  + . .     Gourm    .     f - +0 ring mail {MR+}
rNeg   + + +     Faith    .     (no shield)
rPois  ∞         Spirit   .     (no helmet)
rElec  .         Dismiss  .     (no cloak)
rCorr  .         Reflect  .     (no gloves)
MR     +....     Harm     .     (no boots)
Stlth  +.........               (no amulet)
                                (no ring)
                                (no ring)

@: very slightly contaminated
A: no food or potions, fire vulnerability, cold resistance 1, negative energy
resistance 3, torment resistance, unbreathing
a: no special abilities


You were on level 2 of the Dungeon.
You were not hungry.

You visited 1 branch of the dungeon, and saw 2 of its levels.

You collected 91 gold pieces.

Inventory:

Hand Weapons
 d - a +0 dagger
 i - a +0 mace (weapon)
Armour
 a - a +0 robe
 f - a +0 ring mail of magic resistance (worn)
Scrolls
 c - a scroll of enchant armour
 g - a scroll of remove curse
 h - a scroll of teleportation {unknown}
 j - a scroll of amnesia {unknown}
Books
 b - a book of Necromancy

   Spells                             Type                      Level
   a - Pain                           Necromancy                   1
   b - Animate Skeleton               Necromancy                   1
   c - Vampiric Draining              Necromancy                   3
   d - Regeneration                   Charms/Necromancy            3
   e - Animate Dead                   Necromancy                   4
   f - Control Undead                 Necromancy                   4


   Skills:
 - Level 1.5 Dodging
 - Level 1.5 Stealth
 + Level 3.2 Spellcasting
 + Level 4.5 Necromancy


You had 4 spell levels left.
You knew the following spells:

 Your Spells              Type           Power        Failure   Level  Hunger
a - Pain                  Necr           ###.         10%         1    N/A
b - Vampiric Draining     Necr           ###.......   24%         3    N/A

Dungeon Overview and Level Annotations

Branches:
Dungeon (2/15)

Altars:
The Shining One

Annotations:
D:2 Sigmund


Innate Abilities, Weirdness & Mutations

You do not eat or drink.
Your flesh is vulnerable to fire.
You are immune to poison.
Your flesh is cold resistant. (rC+)
You are immune to negative energy. (rN+++)
You are immune to unholy pain and torment.
You can survive without breathing.


Message History

You don't have enough magic to cast that spell.
Unknown command.
Casting: Vampiric Draining
Confirm with . or Enter, or press ? or * to list all spells.
Aiming: Pain
Press: ? - help, Shift-Dir - straight line, f - goblin
Aim: a goblin (chance to defeat MR: 87%)
You miscast Pain.
Nothing appears to happen.
Something hits you but does no damage. The goblin closely misses you.
Casting: Pain
Confirm with . or Enter, or press ? or * to list all spells.
Aiming: Pain
Press: ? - help, Shift-Dir - straight line, p - goblin Nothing appears to happen.
The goblin hits you but does no damage. Something hits you.
* * * LOW HITPOINT WARNING * * *
You barely miss something. The goblin hits you.
* * * LOW HITPOINT WARNING * * *
You miss something. Something hits you!
You die...

..# .##.#.........# #.# ###
..#.#......##.# #.# #
########.#.#.####.##.# #.# #
#......#.#.#....#(##.# #.# ###
#.#....{.#.####.#.##.# #.# @.#
#.#.##.#.....##.#.##.# #.# #.#
#.#.##.#.#g#.##.#.##.####.# #.#
#.#.##.#.#.#r##.#.##.......
#.#####@#.##.#.#@#g##.#.#######.#
#.@.....#.##.#.#g#.##.# #.#
#.#######.##.#.#r..##.# #.# #.#
#.#.######.# #.# #.# #.. ... ..#
..# .## ### ### .


You could see 2 goblins and a rat.

Vanquished Creatures
  A gnoll (D:1)
  3 oozes
  A leopard gecko (D:1)
  A giant cockroach (D:2)
  3 goblins (D:1)
  6 hobgoblins (D:1)
  3 bats (D:1)
  A frilled lizard (D:1)
  7 kobolds (D:1)
  A rat (D:1)
  A plant (D:1)
28 creatures vanquished.

Notes
Turn   | Place    | Note
-------+----------+-------------------------------------------
     0 | D:1      | Alarkh the Mummy Necromancer began the quest for the Orb.
     0 | D:1      | Reached XP level 1. HP: 13/13 MP: 3/3
   227 | D:1      | Reached XP level 2. HP: 3/19 MP: 0/5
   891 | D:1      | Reached XP level 3. HP: 2/24 MP: 1/7
  1166 | D:1      | Learned a level 3 spell: Vampiric Draining
  1643 | D:2      | Noticed Sigmund
  1670 | D:2      | Found a glowing golden altar of the Shining One.
  1703 | D:2      | HP: 1/24 [goblin (3)]
  1704 | D:2      | Mangled by Sigmund

Vault maps used:
D:1:      dpeg_arrival_rhombi, serial_forest, infiniplex_forest_lined_3,
          infiniplex_forest_lined_1, infiniplex_forest_pool,
          infiniplex_forest_clump_diagonal, infiniplex_forest_side_room,
          infiniplex_forest_clump_diagonal
D:2:      lemuel_doored_altar, uniq_sigmund

Skill      XL: |  1  2 |
---------------+-------+-----
Spellcasting   | 3 |  3.2
Dodging        | |  1.5
Stealth        | |  1.5
Necromancy     | |  4.5

Action                   || total
-------------------------++-------
Melee: Unarmed           ||    22
       Dagger            ||     2
       Mace              ||    56
 Cast: Pain              ||    58
  Use: Scroll            ||     2
Armor: Robe              ||     5
       Ring mail         ||     9
Dodge: Dodged            ||    40
